 Dungeon Crawl Stone Soup version 0.29.0-13-gc9e81de378 (webtiles) character file.

Game seed: 4855846447243887956

55 smilodon the Trooper (level 3, -7/29 HPs)
             Began as a Demonspawn Fighter on Sept 8, 2022.
             Killed from afar by Sigmund (16 damage)
             ... with a puff of flame
             ... on level 2 of the Dungeon.
             The game lasted 00:03:13 (1770 turns).

smilodon the Trooper (Demonspawn Fighter)           Turns: 1770, Time: 00:03:13

Health: -7/29      AC: 12    Str: 18    XL:     3   Next: 67%
Magic:  3/3        EV: 17    Int:  9    God:
Gold:   106        SH:  0    Dex: 12    Spells: 2/2 levels left

rFire   . . .      SeeInvis .   (weapon currently unavailable)
rCold   . . .      Faith    .   (shield currently unavailable)
rNeg    + + +      Spirit   .   (body armour currently unavailable)
rPois   +          Reflect  .   (helmet currently unavailable)
rElec   .          Harm     .   (cloak currently unavailable)
rCorr   .          Rampage  .   (gloves currently unavailable)
Will    .....                   (boots currently unavailable)
Stlth   +.........              (no amulet)
HPRegen 0.09/turn               (no ring)
MPRegen 0.08/turn               (no ring)

@: confused, mighty, fungus-form
A: melee confuse, terrified, no casting, tiny, powered by pain 1
a: no special abilities


You were on level 2 of the Dungeon.
You were a sentient fungus.
You visited 1 branch of the dungeon, and saw 2 of its levels.

You collected 106 gold pieces.

Inventory:

Hand Weapons
 a - a +0 trident (melded)
Missiles
 j - 10 poisoned darts (quivered)
Armour
 b - a +0 scale mail (melded)
 c - a +0 buckler (melded)
Jewellery
 f - a ring of willpower
Wands
 i - a wand of roots (3)
Scrolls
 e - a scroll of poison {unknown}
 g - a scroll of enchant weapon {unknown}
 h - a scroll of teleportation
Potions
 d - a potion of might


   Skills:
 + Level 3.5 Fighting
 + Level 2.3 Polearms
 + Level 3.1 Armour
 + Level 3.1 Shields


You had 2 spell levels left.
You didn't know any spells.
Your spell library contained the following spells:

 Spells                   Type           Power      Damage    Failure   Level
 Summon Small Mammal      Summ           0%         N/A       38%         1
 Call Canine Familiar     Summ           0%         N/A       77%         3
 Summon Guardian Golem    Hex/Summ       0%         N/A       77%         3


Dungeon Overview and Level Annotations

Branches:
Dungeon (2/15)

Altars:

Annotations:
D:2 Sigmund


Innate Abilities, Weirdness & Mutations

You are a sentient fungus.
You are tiny and evasive.
Your melee attack releases spores that confuse breathing creatures.
You become terrified and freeze when enemies are visible.
Your armour is entirely melded.
You are incapable of wielding weapons or throwing items.
You cannot cast spells.
You sometimes gain a little power by taking damage.


Message History

Items here: ( ))) ††††.
Something hits you!
You are poisoned.
You feel very sick.
You hear a zap.
Something tries to affect you, but you resist.
You feel sick.
You hear some strange, mumbled words.
You are confused.
* * * LOW HITPOINT WARNING * * *
You feel sick.
You hear some strange, mumbled words.
You are more confused.
It was a potion of curing.
You feel better.
You hear some strange, mumbled words.
Something tries to affect you, but you resist.
You feel very mighty all of a sudden.
You hear some strange, mumbled words.
A magic dart appears from out of thin air!
The magic dart hits you!
You closely miss something. Something hits you.
* * * LOW HITPOINT WARNING * * *
You closely miss something. You closely miss something.
You hear some strange, mumbled words.
You are confused.
You hear a zap.
You turn into a sentient fungus.
Your +0 trident melds into your body.
Your +0 buckler melds into your body.
Your +0 scale mail melds into your body.
You closely miss something.
You hear some strange, mumbled words.
You are more confused.
You miss something. Something hits you but does no damage.
You hear some strange, mumbled words.
A puff of flame appears from out of thin air!
The puff of flame hits you!
Ouch! That really hurt!
You die...

#.# #.#..... #.#
#.#####. #.# #†#
##.
#.##########.####.#
#.................#
#)###########.###.#
##...# #.# ##.
######...{# #.# #.
.......#f.# ####.#
#. #####....#
#....# #. ####.#
#.#..# #. #.#
#...## #. #!# ##.##
#. #.# ###.# #. #.#
#...# ..# #.### ###
#.#


There were no monsters in sight!

Vanquished Creatures
  A gnoll (D:1)
  2 dart slugs
  4 endoplasms
  A giant cockroach (D:1)
  6 hobgoblins
  2 jackals (D:2)
  5 kobolds
  A quokka (D:1)
  3 ball pythons
  4 bats
  4 frilled lizards
  4 goblins
  A rat (D:1)
38 creatures vanquished.

Notes
Turn   | Place    | Note
-------+----------+-------------------------------------------
     0 | D:1      | smilodon the Demonspawn Fighter began the quest for the
                  | Orb.
     0 | D:1      | Reached XP level 1. HP: 18/18 MP: 1/1
   246 | D:1      | Found a faded altar of an unknown god.
   267 | D:1      | Gained mutation: You sometimes gain a little power by
                  | taking damage. [demonic ancestry]
   267 | D:1      | Reached XP level 2. HP: 24/24 MP: 2/2
  1165 | D:1      | Reached XP level 3. HP: 29/29 MP: 3/3
  1742 | D:2      | Noticed Sigmund
  1770 | D:2      | Killed from afar by Sigmund

Illustrated notes

Levels and vault maps discovered:
D:1:      nzn_arrival_settlement, layout_basic,
          hellmonk_ecumenical_altar_pennies_from_heaven,
          minmay_misc_feat_columns
D:2:      layout_loops_ring, uniq_sigmund

Skill      XL: |  1  2 |
---------------+-------+-----
Polearms       | 2 |  2.3
Armour         | 3 |  3.1
Shields        | 3 |  3.1
Fighting       | |  3.5

Action                   || total
-------------------------++-------
Melee: Trident           ||   125
       Unarmed           ||     2
  Use: Potion            ||     4
       Scroll            ||     1
Armor: Scale mail        ||    40
       Skin              ||     1
Dodge: Dodged            ||    38
Block: Buckler           ||    22
